[Event "Titled Tuesday Blitz May 4 2021"]
[White "Loy, Konstantin"]
[Black "Flores Quillas, Diego Saul Rodri"]
[WhiteFideId "14122499"]
[BlackFideId "3822508"]
[WhiteElo "2084"]
[BlackElo "2071"]
[Result "1/2-1/2"]
[Round "03"]
[TimeControl "180+1"]
[Date "2021.05.04"]
[WhiteClock "0:00:13"]
[BlackClock "0:00:03"]

1. e4 c5 2. Nf3 e6 3. d3 d5 4. Nbd2 Nc6 5. g3 Bd6 6. Bg2 Nge7 7. O-O O-O 8. Nh4 f6 9. f4 b6 10. f5 dxe4 11. Nxe4 Be5 12. fxe6 Bxe6 13. Nf3 Bc7 14. Be3 Qd7 15. Qd2 Rad8 16. Rae1 Bd5 17. Nc3 Bf7 18. Bf4 Bxf4 19. Qxf4 Nb4 20. Rf2 Rfe8 21. a3 Nbd5 22. Nxd5 Nxd5 23. Qd2 Rxe1+ 24. Qxe1 g6 25. Re2 Re8 26. Rxe8+ Qxe8 27. Qxe8+ Bxe8 28. Nd2 Ne3 29. c4 Nc2 30. Kf2 Kf7 31. Bd5+ Ke7 32. Nf3 Bf7 33. Bxf7 Kxf7 34. Ke2 Ke6 35. Kd2 Nd4 36. Nxd4+ cxd4 37. Ke2 a5 38. b4 f5 39. Kf3 g5 40. h4 h6 41. hxg5 hxg5 42. Ke2 a4 43. Kf2 Kd6 44. Kf3 Ke5 45. Ke2 Ke6 46. Kf2 Kd6 47. Kf3 Ke5 48. Ke2 Kd6 49. Kf1 Ke6 50. Kf2 1/2-1/2


[Site "https://www.chess.com"]

[Event "Titled Tuesday Blitz May 4 2021"]
[White "Lysenko, Volodymyr"]
[Black "Shahinyan, David"]
[WhiteFideId "14175770"]
[BlackFideId "13304380"]
[WhiteElo "1957"]
[BlackElo "2372"]
[Result "1-0"]
[Round "03"]
[TimeControl "180+1"]
[Date "2021.05.04"]
[WhiteClock "0:00:06"]
[BlackClock "0:00:02"]

1. d4 d6 2. c4 e5 3. d5 f5 4. Nc3 Nf6 5. g3 g6 6. Bg2 Bg7 7. e4 fxe4 8. Nxe4 Nxe4 9. Bxe4 O-O 10. Bg2 Nd7 11. Ne2 Nf6 12. O-O Bg4 13. h3 Bd7 14. Nc3 Qe7 15. Bg5 h6 16. Be3 Kh7 17. Qd2 Rae8 18. Rae1 Qd8 19. b4 b6 20. a3 Qc8 21. Kh2 Qa6 22. b5 Qc8 23. a4 a5 24. bxa6 Qxa6 25. Nb5 Bxb5 26. axb5 Qb7 27. Ra1 Ra8 28. Qc2 Rxa1 29. Rxa1 Nd7 30. Be4 Rf6 31. Qe2 Qc8 32. Kg2 Nc5 33. Bxc5 bxc5 34. Ra6 Kg8 35. Rc6 Qd7 36. Bf3 h5 37. Be4 Bh6 38. f3 Kg7 39. g4 h4 40. Qd3 Bf4 41. Qb3 Rf7 42. b6 cxb6 43. Qxb6 Qe7 44. Rxd6 Qe8 45. Rxg6+ Kh7 46. Qc6 Qf8 47. Re6+ Kh8 48. Re8 Rg7 49. Rxf8+ 1-0


[Site "https://www.chess.com"]

[Event "Titled Tuesday Blitz May 4 2021"]
[White "MATHEUSMDR2005"]
[Black "Dovbnia, Nikita"]
[BlackFideId "54104599"]
[WhiteElo "2353"]
[BlackElo "2056"]
[Result "1-0"]
[Round "03"]
[TimeControl "180+1"]
[Date "2021.05.04"]
[WhiteClock "0:02:40"]
[BlackClock "0:02:46"]

1. c4 e6 2. Nf3 d5 3. e3 Nf6 4. Nc3 Be7 5. b3 c5 6. cxd5 exd5 7. d4 cxd4 8. Nxd4 O-O 9. Bb2 Nc6 10. Bd3 Bg4 11. f3 Be6 12. O-O Re8 13. Re1 Bc5 14. Nxe6 Re7 15. Nxd8 Rxd8 1-0


[Site "https://www.chess.com"]

[Event "Titled Tuesday Blitz May 4 2021"]
[White "Maly, Alexey"]
[Black "Saravana, Krishnan P."]
[WhiteFideId "14103184"]
[BlackFideId "5018382"]
[WhiteElo "2314"]
[BlackElo "2245"]
[Result "1-0"]
[Round "03"]
[TimeControl "180+1"]
[Date "2021.05.04"]
[WhiteClock "0:01:14"]
[BlackClock "0:00:02"]

1. d4 Nf6 2. c4 g6 3. Nc3 Bg7 4. e4 d6 5. Be2 O-O 6. Nf3 e5 7. O-O Bg4 8. d5 Bxf3 9. Bxf3 a5 10. g3 Na6 11. Bg2 Nc5 12. Qc2 a4 13. Rb1 Nfd7 14. b4 axb3 15. axb3 f5 16. b4 Nxe4 17. Nxe4 fxe4 18. Bxe4 Nf6 19. Bg2 Qe7 20. h3 Rf7 21. Be3 Raf8 22. c5 Nh5 23. Kh2 Nf4 24. b5 Nxg2 25. Kxg2 e4 26. b6 Qe5 27. Qc4 h5 28. h4 Qf5 29. bxc7 Rxc7 30. Qb4 dxc5 31. Bxc5 Qf3+ 32. Kh2 Rfc8 33. d6 Rf7 34. Be3 Qg4 35. Qb3 Rd8 36. Qd5 Rd7 37. Rbc1 Kh7 38. Rc8 Qe2 39. Kg1 Qf3 40. Rfc1 Bh6 41. Qe5 Bg7 42. Qd5 Bh6 43. Qe5 Bg7 44. Qe8 Bf8 45. R1c7 Qd1+ 46. Kh2 1-0


[Site "https://www.chess.com"]

[Event "Titled Tuesday Blitz May 4 2021"]
[White "Mamedyarov, Shakhriyar"]
[Black "Vlassov, Nikolai"]
[WhiteFideId "13401319"]
[BlackFideId "4103360"]
[WhiteElo "2716"]
[BlackElo "2407"]
[Result "1-0"]
[Round "03"]
[TimeControl "180+1"]
[Date "2021.05.04"]
[WhiteClock "0:00:30"]
[BlackClock "0:00:06"]

1. d4 Nf6 2. c4 Nc6 3. d5 Ne5 4. Nc3 Nxc4 5. e4 Nb6 6. e5 Ng8 7. Nf3 e6 8. Bf4 Nxd5 9. Nxd5 exd5 10. Qxd5 Bb4+ 11. Nd2 Ne7 12. Qe4 Bxd2+ 13. Bxd2 d5 14. exd6 Qxd6 15. O-O-O Bf5 16. Qa4+ Qc6+ 17. Qxc6+ Nxc6 18. Bc3 O-O 19. Bb5 Rad8 20. Bxc6 bxc6 21. f3 Rd5 22. Rxd5 cxd5 23. Bd4 f6 24. Kd2 a6 25. Rc1 Rf7 26. Rc5 Be6 27. a3 Kf8 28. Bf2 Ke8 29. Bg3 Kd8 30. Kc3 Kc8 31. Rc6 Re7 32. Rxa6 Kb7 33. Ra5 c6 34. Bf2 Kb8 35. Bg3+ Kb7 36. Bf2 Kb8 37. Bc5 Rb7 38. Bd6+ Kc8 39. Ra8+ Kd7 40. Bc5 Bf5 41. b4 Rc7 42. Rg8 Ke6 43. a4 Kf7 44. Rf8+ Kg6 45. Rd8 Rc8 46. Rd6 Kf7 47. a5 Rc7 48. a6 Bc8 49. Bb6 Rd7 50. Rxd7+ Bxd7 51. a7 c5 52. a8=Q 1-0


[Site "https://www.chess.com"]

[Event "Titled Tuesday Blitz May 4 2021"]
[White "Manolache, Marius"]
[Black "Kakabayev, Mergen"]
[WhiteFideId "1201530"]
[BlackFideId "14002990"]
[WhiteElo "2391"]
[BlackElo "2302"]
[Result "1-0"]
[Round "03"]
[TimeControl "180+1"]
[Date "2021.05.04"]
[WhiteClock "0:02:10"]
[BlackClock "0:01:51"]

1. d4 d5 2. c4 c6 3. Nf3 Nf6 4. Qc2 e6 5. e3 Nbd7 6. b3 Bd6 7. Bb2 O-O 8. Bd3 b6 9. Nbd2 Bb7 10. Rd1 Rc8 11. Qb1 h6 12. h3 Qe7 13. O-O c5 14. Rfe1 cxd4 15. exd4 dxc4 16. bxc4 Rfd8 17. d5 Nc5 18. Bf5 Re8 19. Nb3 Qc7 20. Nxc5 1-0


[Site "https://www.chess.com"]

[Event "Titled Tuesday Blitz May 4 2021"]
[White "Manukian, Artak"]
[Black "Martinez Alcantara, Jose Eduardo"]
[WhiteFideId "13301373"]
[BlackFideId "3805662"]
[WhiteElo "2464"]
[BlackElo "2690"]
[Result "0-1"]
[Round "03"]
[TimeControl "180+1"]
[Date "2021.05.04"]
[WhiteClock "0:00:01"]
[BlackClock "0:00:56"]

1. e4 c5 2. Nf3 d6 3. Bb5+ Nd7 4. O-O a6 5. Bd3 Ngf6 6. Re1 e6 7. c3 b5 8. a4 c4 9. Bc2 Bb7 10. d4 cxd3 11. Bxd3 bxa4 12. Rxa4 Be7 13. Bg5 O-O 14. Bc2 h6 15. Bh4 Qc7 16. Nbd2 Bc6 17. Ra2 Rfd8 18. Nd4 Bb7 19. Qe2 Bf8 20. Qc4 Qb6 21. Qb3 Qc7 22. Qc4 Qb8 23. Qd3 Rc8 24. Qe2 g6 25. Nc4 d5 26. Na5 dxe4 27. Nxb7 Qxb7 28. Bxe4 Nxe4 29. Qxe4 Qxe4 30. Rxe4 e5 31. Nb3 f5 32. Rea4 g5 33. Bg3 f4 34. Rxa6 Rxa6 35. Rxa6 fxg3 36. hxg3 Rb8 37. Nd2 Rxb2 38. Ne4 Nc5 39. Nxc5 Bxc5 40. Rxh6 Bxf2+ 41. Kh2 e4 42. Rg6+ Kf7 43. Rxg5 e3 44. Re5 Kf6 45. Re4 Kf5 46. Rf4+ Ke5 47. Kh3 Be1 48. Kg4 Bxc3 49. Kf3 Bd4 0-1


[Site "https://www.chess.com"]

[Event "Titled Tuesday Blitz May 4 2021"]
[White "Manukyan, Artyom"]
[Black "Brahami, Lamine"]
[WhiteFideId "13305786"]
[BlackFideId "7905637"]
[WhiteElo "2034"]
[BlackElo "1909"]
[Result "1-0"]
[Round "03"]
[TimeControl "180+1"]
[Date "2021.05.04"]
[WhiteClock "0:00:39"]
[BlackClock "0:00:15"]

1. e4 c5 2. Nc3 d6 3. f4 Nc6 4. Nf3 e6 5. Bb5 Ne7 6. O-O g6 7. d4 cxd4 8. Qxd4 Rg8 9. Be3 Bg7 10. Qd2 d5 11. Rad1 a6 12. Ba4 Qa5 13. exd5 exd5 14. Ne5 Bxe5 15. fxe5 Bg4 16. Nxd5 Qxd2 17. Nf6+ Kf8 18. Rxd2 Be6 19. Bh6+ Rg7 20. Bb3 Bxb3 21. axb3 Nxe5 22. Nd7+ Nxd7 23. Rxd7 Nf5 24. Bxg7+ Kxg7 25. g4 Nh6 26. h3 Rc8 27. c3 b5 28. Re1 Rc6 29. Ree7 b4 30. g5 Nf5 31. Rxf7+ Kg8 32. c4 Re6 33. Ra7 Re1+ 34. Kf2 Rb1 35. Rfb7 Rxb2+ 36. Kf3 Nd4+ 37. Ke4 Ne6 38. Ra8+ Nf8 39. Rbb8 Rf2 40. c5 Kg7 41. Rxf8 Rxf8 42. Rxf8 Kxf8 43. Kd5 Ke7 44. Kc6 Ke6 45. Kb7 a5 46. c6 a4 47. c7 axb3 48. c8=Q+ Kd5 49. Qc1 Ke5 50. Qb2+ Kf5 51. h4 Kg4 52. Qxb3 Kxh4 53. Qxb4+ Kxg5 54. Kc6 h5 55. Kd5 h4 56. Ke4 h3 57. Kf3 h2 58. Kg2 Kf5 59. Kxh2 g5 60. Kg3 g4 61. Qxg4+ Ke5 62. Kf3 1-0


[Site "https://www.chess.com"]

[Event "Titled Tuesday Blitz May 4 2021"]
[White "Marcinczyk, Monika"]
[Black "Smith, Shreyas"]
[WhiteFideId "1192051"]
[BlackFideId "7400713"]
[WhiteElo "1640"]
[BlackElo "2129"]
[Result "0-1"]
[Round "03"]
[TimeControl "180+1"]
[Date "2021.05.04"]
[WhiteClock "0:00:01"]
[BlackClock "0:00:17"]

1. e4 c6 2. d4 d5 3. exd5 cxd5 4. Bd3 Nc6 5. c3 Qc7 6. Ne2 Nf6 7. Bf4 e5 8. dxe5 Nxe5 9. Nd4 a6 10. O-O Bd6 11. Re1 O-O 12. Bxe5 Bxe5 13. h3 Bd7 14. Nd2 Rfe8 15. N2f3 Bf4 16. Qc2 h6 17. a4 Rac8 18. Rxe8+ Rxe8 19. Qb3 Bc8 20. a5 Qd6 21. Ra4 Ne4 22. Rb4 Nc5 23. Qc2 Nxd3 24. Qxd3 Re4 25. Rb6 Qc5 26. b4 Qe7 0-1


[Site "https://www.chess.com"]

[Event "Titled Tuesday Blitz May 4 2021"]
[White "Marin Masis, Jose Esteban"]
[Black "Mikhalsky, Vladimir"]
[WhiteFideId "6508146"]
[BlackFideId "14144352"]
[WhiteElo "1693"]
[BlackElo "2280"]
[Result "0-1"]
[Round "03"]
[TimeControl "180+1"]
[Date "2021.05.04"]
[WhiteClock "0:00:18"]
[BlackClock "0:00:59"]

1. Nf3 c5 2. c4 Nf6 3. g3 d5 4. Bg2 Nc6 5. O-O d4 6. d3 e5 7. Na3 Bd6 8. Nc2 O-O 9. a3 a5 10. Bd2 Qe7 11. Qe1 e4 12. dxe4 Nxe4 13. b4 axb4 14. axb4 Rxa1 15. Qxa1 Nxd2 16. Nxd2 Qxe2 17. Rd1 cxb4 18. Bf3 Qd3 19. Ne1 Qc3 20. Ne4 Qxa1 21. Rxa1 Be7 22. Nd3 Be6 23. Nd2 Bg5 24. Ne4 Be7 25. Nd2 g5 26. Kg2 g4 27. Be2 Bf5 28. Nf4 Bg5 29. Nb3 Bxf4 30. gxf4 d3 31. Bf1 Be4+ 32. Kg1 f5 33. Rd1 Rd8 34. h3 h5 35. hxg4 hxg4 36. Nc5 Nd4 37. Nxe4 fxe4 38. Rxd3 exd3 39. Bxd3 0-1


[Site "https://www.chess.com"]

[Event "Titled Tuesday Blitz May 4 2021"]
[White "Martin, Lewis"]
[Black "Rakotomaharo, Fy Antenaina"]
[WhiteFideId "410551"]
[BlackFideId "13100050"]
[WhiteElo "2145"]
[BlackElo "2378"]
[Result "0-1"]
[Round "03"]
[TimeControl "180+1"]
[Date "2021.05.04"]
[WhiteClock "0:00:17"]
[BlackClock "0:00:32"]

1. e4 c5 2. Nf3 d6 3. d4 cxd4 4. Nxd4 Nf6 5. Nc3 a6 6. Bg5 e6 7. f4 Be7 8. Qf3 Qc7 9. O-O-O Nbd7 10. Bd3 h6 11. Bxf6 Nxf6 12. g4 g5 13. f5 Bd7 14. Rhe1 O-O-O 15. h3 Kb8 16. Qe3 Rc8 17. Kb1 Qc5 18. Nb3 Qxe3 19. Rxe3 e5 20. Nd5 Nxd5 21. exd5 h5 22. Bf1 hxg4 23. hxg4 Rh2 24. c3 Bd8 25. Re2 Rh4 26. Re4 Rxg4 27. Rxg4 Bxf5+ 28. Bd3 Bxg4 29. Nd2 f5 30. Nc4 Bxd1 0-1


[Site "https://www.chess.com"]

[Event "Titled Tuesday Blitz May 4 2021"]
[White "Martinez Lopez, David"]
[Black "Nozdrachev, Leonid"]
[WhiteFideId "22235779"]
[BlackFideId "24113433"]
[WhiteElo "2353"]
[BlackElo "2246"]
[Result "0-1"]
[Round "03"]
[TimeControl "180+1"]
[Date "2021.05.04"]
[WhiteClock "0:01:05"]
[BlackClock "0:02:07"]

1. e4 d6 2. d4 Nf6 3. Nc3 e5 4. Nf3 Nbd7 5. Bc4 Be7 6. O-O O-O 7. a4 c6 8. h3 Qc7 9. Be3 Re8 10. Qd2 a6 11. Ng5 Rf8 12. f4 Rb8 13. a5 h6 14. Nf3 exd4 15. Bxd4 Nxe4 16. Bd3 0-1


[Site "https://www.chess.com"]

[Event "Titled Tuesday Blitz May 4 2021"]
[White "Matinian, Nikita"]
[Black "Pichot, Alan"]
[WhiteFideId "24129100"]
[BlackFideId "110973"]
[WhiteElo "2410"]
[BlackElo "2622"]
[Result "0-1"]
[Round "03"]
[TimeControl "180+1"]
[Date "2021.05.04"]
[WhiteClock "0:00:52"]
[BlackClock "0:01:48"]

1. e4 c5 2. Nf3 e6 3. d4 cxd4 4. Nxd4 Nc6 5. Nc3 Qc7 6. Be2 a6 7. O-O Nf6 8. Be3 Be7 9. f4 d6 10. Qe1 O-O 11. Qg3 Nxd4 12. Bxd4 b5 13. a3 Bb7 14. Rae1 Bc6 15. Bd3 Rad8 16. Kh1 Qb7 17. Rf3 b4 18. axb4 Qxb4 19. Bxf6 Bxf6 20. e5 dxe5 21. fxe5 Bh4 22. Qh3 Rxd3 23. Rxd3 Bxe1 24. Nd1 Qf4 0-1


[Site "https://www.chess.com"]

[Event "Titled Tuesday Blitz May 4 2021"]
[White "Matsuura, Frederico"]
[Black "Shahade, Gregory"]
[WhiteFideId "2107848"]
[BlackFideId "2009064"]
[WhiteElo "2302"]
[BlackElo "2646"]
[Result "0-1"]
[Round "03"]
[TimeControl "180+1"]
[Date "2021.05.04"]
[WhiteClock "0:00:31"]
[BlackClock "0:00:35"]

1. d4 Nf6 2. c4 g6 3. Nc3 d5 4. Nf3 Bg7 5. e3 O-O 6. Qb3 dxc4 7. Bxc4 c5 8. d5 a6 9. a4 Ne8 10. e4 Nd6 11. Be2 Bg4 12. h3 Bxf3 13. Bxf3 Nd7 14. O-O b5 15. axb5 axb5 16. Rxa8 Qxa8 17. Bf4 Ne5 18. Be2 b4 19. Na4 Nxe4 20. Bxe5 Bxe5 21. Bf3 Nd2 22. Qd1 Nxf1 23. Nxc5 Qa7 24. Nd3 Ne3 25. Qe2 Bd4 26. fxe3 Bxe3+ 27. Kh1 Rc8 28. Qd1 Qd4 29. g3 Bg5 30. h4 Bf6 31. Kg2 h5 32. Qd2 b3 33. Qd1 Rc2+ 34. Kh1 Qe3 35. Nf4 Rc1 0-1


[Site "https://www.chess.com"]

[Event "Titled Tuesday Blitz May 4 2021"]
[White "Maung, Maung Kyaw Zaw Hein"]
[Black "Abdalla, Luiz Guilherme Aurelli"]
[WhiteFideId "13001698"]
[BlackFideId "2111080"]
[WhiteElo "1785"]
[BlackElo "2152"]
[Result "1/2-1/2"]
[Round "03"]
[TimeControl "180+1"]
[Date "2021.05.04"]
[WhiteClock "0:00:24"]
[BlackClock "0:00:27"]

1. Nf3 d5 2. d4 c6 3. c4 Nf6 4. Nc3 Bf5 5. cxd5 cxd5 6. Qb3 Bc8 7. Bf4 Nc6 8. e3 e6 9. Bd3 Bd6 10. Bg3 Bxg3 11. hxg3 O-O 12. O-O a6 13. Na4 Nd7 14. Rac1 Na5 15. Qc2 b5 16. Nc5 Nxc5 17. Qxc5 Bb7 18. Qc7 Rc8 19. Qxd8 Rfxd8 20. b3 Nc6 21. Bb1 b4 22. Bd3 Kf8 23. Rc5 h6 24. Rfc1 a5 25. Be2 Ke7 26. Ne1 Kd6 27. f4 Rc7 28. Nd3 Rdc8 29. Kf2 f6 30. Nb2 Ne7 31. Na4 Rxc5 32. Rxc5 Rxc5 33. Nxc5 Bc8 34. Bg4 Nc6 35. Ke2 Na7 36. Kd3 Nb5 37. Na4 Bd7 38. Kd2 Be8 39. Nc5 f5 40. Be2 Nc3 41. Nb7+ Kc7 42. Nc5 Kd6 43. Nb7+ Kc7 44. Nc5 Kd6 1/2-1/2


[Site "https://www.chess.com"]

[Event "Titled Tuesday Blitz May 4 2021"]
[White "Mayeregger, Arnold"]
[Black "Rustemov, Alexander"]
[WhiteFideId "3705226"]
[BlackFideId "4119002"]
[WhiteElo "1567"]
[BlackElo "2618"]
[Result "0-1"]
[Round "03"]
[TimeControl "180+1"]
[Date "2021.05.04"]
[WhiteClock "0:00:04"]
[BlackClock "0:00:59"]

1. e4 e6 2. d4 d5 3. e5 c5 4. c3 Qb6 5. Nf3 Bd7 6. Be2 Bb5 7. Bxb5+ Qxb5 8. a4 Qa6 9. Na3 cxd4 10. Nb5 Qb6 11. cxd4 a6 12. Nc3 Nc6 13. O-O Bb4 14. Be3 Nge7 15. Rc1 Rc8 16. Qd3 h6 17. h4 O-O 18. g4 f6 19. exf6 Rxf6 20. Ne5 Qc7 21. Nb5 Qd8 22. Nc3 Nxe5 23. dxe5 Rf3 24. Kg2 Qf8 25. Qe2 Ng6 26. h5 Nh4+ 27. Kh2 Rc4 28. Rg1 Rxe3 29. Qxe3 Nf3+ 30. Kh1 Nxg1 31. Rxg1 Bc5 32. Qe2 Qxf2 33. Qxc4 Qxg1# 0-1


[Site "https://www.chess.com"]

[Event "Titled Tuesday Blitz May 4 2021"]
[White "Meissner, Felix"]
[Black "Zhou, Qiyu"]
[WhiteFideId "24671827"]
[BlackFideId "505161"]
[WhiteElo "2390"]
[BlackElo "1925"]
[Result "1-0"]
[Round "03"]
[TimeControl "180+1"]
[Date "2021.05.04"]
[WhiteClock "0:02:18"]
[BlackClock "0:01:51"]

1. e4 c5 2. Nf3 d6 3. d4 cxd4 4. Nxd4 Nf6 5. f3 Nc6 6. c4 g6 7. Nc2 Bg7 8. Nc3 O-O 9. Be3 b6 10. Qd2 Bb7 11. Be2 Rc8 12. O-O Ne5 13. b3 a6 14. Rac1 Qc7 15. Nb4 e6 16. Rfd1 Rfd8 17. Bf1 Nc6 18. Nxc6 Bxc6 19. Nd5 exd5 20. cxd5 Qb7 21. dxc6 Rxc6 22. Bxa6 Qc7 23. Rxc6 Qxc6 24. Rc1 Qa8 25. Bc4 Qb7 26. a4 d5 27. exd5 Nxd5 28. Rd1 1-0


[Site "https://www.chess.com"]

[Event "Titled Tuesday Blitz May 4 2021"]
[White "Mekhitarian, Krikor Sevag"]
[Black "Peralta, Eduardo"]
[WhiteFideId "2107660"]
[BlackFideId "3700062"]
[WhiteElo "2598"]
[BlackElo "2205"]
[Result "1/2-1/2"]
[Round "03"]
[TimeControl "180+1"]
[Date "2021.05.04"]
[WhiteClock "0:00:09"]
[BlackClock "0:00:13"]

1. e4 c5 2. Nf3 Nc6 3. Bb5 g6 4. O-O Bg7 5. Re1 Nf6 6. c3 O-O 7. h3 a6 8. Bxc6 dxc6 9. d4 cxd4 10. cxd4 c5 11. d5 b5 12. Nc3 Bb7 13. Bf4 Nd7 14. Rc1 Nb6 15. b3 Rc8 16. Qd2 b4 17. Nd1 a5 18. Be3 Nd7 19. Nb2 Ba6 20. Nc4 a4 21. Bh6 Bxc4 22. Rxc4 axb3 23. axb3 Qa5 24. Bxg7 Kxg7 25. Qb2+ Kg8 26. Ra1 Qc7 27. Rac1 Qf4 28. e5 Qf5 29. Qe2 Nb6 30. Rxc5 Rxc5 31. Rxc5 Qb1+ 32. Kh2 Qxb3 33. e6 f6 34. Qb5 Na4 35. Rc7 Nc3 36. Qd7 Nxd5 37. Rc5 Nf4 38. Qxe7 Qxe6 39. Qxe6+ Nxe6 40. Rb5 Rc8 41. Rxb4 Rc2 42. Kg3 g5 43. h4 h6 44. hxg5 hxg5 45. Nd4 Rc3+ 46. f3 Nxd4 47. Rxd4 Kf7 48. Kg4 Kg6 49. Kg3 Rc2 50. Re4 Rd2 51. Ra4 Kf5 52. Ra5+ Kg6 53. Ra4 Kh5 54. Ra8 Rd4 55. Rh8+ Kg6 56. Rg8+ Kf5 57. Ra8 Rd5 58. Ra4 Ke5 59. Re4+ Kf5 60. Re1 Rd2 61. Rh1 Ke5 62. Rh6 Kf5 63. Rh8 Ke6 64. Re8+ Kf7 65. Ra8 Kg6 66. Ra6 Rc2 67. Kh3 Rd2 68. Ra5 Re2 69. Ra1 Rd2 70. Rf1 Kf5 71. Re1 Rc2 72. Kg3 Rb2 73. Re4 Rc2 74. Rb4 Rd2 75. Rb5+ Kg6 76. Kh3 Re2 77. g3 Rd2 78. Kg4 Rd4+ 79. f4 gxf4 80. gxf4 Rc4 81. Ra5 Rd4 82. Ra8 Rc4 83. Rg8+ Kf7 84. Rh8 Kg6 85. Rg8+ Kf7 86. Ra8 Kg6 87. Rg8+ 1/2-1/2


[Site "https://www.chess.com"]

[Event "Titled Tuesday Blitz May 4 2021"]
[White "Melkevik, Johannes"]
[Black "Altman, Joshua"]
[WhiteFideId "1501836"]
[BlackFideId "426210"]
[WhiteElo "1727"]
[BlackElo "1932"]
[Result "0-1"]
[Round "03"]
[TimeControl "180+1"]
[Date "2021.05.04"]
[WhiteClock "0:00:16"]
[BlackClock "0:01:00"]

1. d4 e6 2. Nf3 Nf6 3. g3 b6 4. Bg2 Bb7 5. O-O Be7 6. c4 O-O 7. Nc3 Ne4 8. Qc2 Nxc3 9. bxc3 f5 10. Nd2 Bxg2 11. Kxg2 d6 12. e4 f4 13. Nf3 Nd7 14. Bxf4 Qe8 15. Ng5 Qg6 16. d5 Bxg5 17. Bxg5 Qxg5 18. f4 Qg6 19. Rae1 exd5 20. cxd5 Rae8 21. Kh1 Nf6 22. Qg2 Nxe4 23. f5 Rxf5 24. Rxf5 Qxf5 25. g4 Nf2+ 0-1


[Site "https://www.chess.com"]

[Event "Titled Tuesday Blitz May 4 2021"]
[White "Meneses Gonzalez, Kevin Moises"]
[Black "Nesterov, Arseniy"]
[WhiteFideId "2284502"]
[BlackFideId "24198455"]
[WhiteElo "2301"]
[BlackElo "2441"]
[Result "0-1"]
[Round "03"]
[TimeControl "180+1"]
[Date "2021.05.04"]
[WhiteClock "0:00:02"]
[BlackClock "0:00:18"]

1. e4 e5 2. Nf3 Nc6 3. Bb5 a6 4. Ba4 b5 5. Bb3 Na5 6. Nxe5 Nxb3 7. axb3 Qg5 8. Ng4 d5 9. Ne3 d4 10. h4 Qg6 11. h5 Qxe4 12. d3 Qe6 13. Rh4 Bb7 14. Rxd4 Bc5 15. Rg4 Nf6 16. Rxg7 O-O-O 17. Nc3 Rhg8 18. Rxg8 Rxg8 19. Qe2 Bxg2 20. Bd2 Bf3 21. Qxf3 Rg1+ 22. Ke2 Rxa1 23. Qa8+ Kd7 24. Nxb5 Bxe3 25. Bxe3 Qg4+ 26. Kd2 Rd1+ 27. Kc3 axb5 28. Qf8 Nd5# 0-1


[Site "https://www.chess.com"]

[Event "Titled Tuesday Blitz May 4 2021"]
[White "Mezentsev, Ivan"]
[Black "Le, Tuan Minh"]
[WhiteFideId "13706195"]
[BlackFideId "12401153"]
[WhiteElo "2295"]
[BlackElo "2450"]
[Result "0-1"]
[Round "03"]
[TimeControl "180+1"]
[Date "2021.05.04"]
[WhiteClock "0:00:06"]
[BlackClock "0:00:10"]

1. d4 d5 2. Nf3 Nf6 3. Bf4 Bf5 4. e3 e6 5. Be2 Bd6 6. Bg3 O-O 7. O-O c5 8. c4 Nc6 9. Nc3 dxc4 10. dxc5 Bxg3 11. hxg3 Qa5 12. Qa4 Qxc5 13. Qxc4 Qe7 14. Rfd1 Rac8 15. Qh4 h6 16. Rac1 Rfd8 17. Nd4 Bg6 18. Bf3 Ne5 19. Be2 Qb4 20. Nf5 Qxh4 21. Ne7+ Kf8 22. Nxg6+ Nxg6 23. gxh4 Nxh4 24. Nb5 Rxd1+ 25. Rxd1 a6 26. Nd6 Rc7 27. g3 Nf5 28. Nxf5 exf5 29. Rd8+ Ke7 30. Rb8 Nd7 31. Rg8 g6 32. Bf3 h5 33. Ra8 Ne5 34. Bd5 Kd6 35. e4 fxe4 36. Bxe4 Kc5 37. Rd8 Kb6 38. Rd6+ Ka7 39. Kg2 Nc4 40. Rf6 Ne5 41. Bd5 Rc2 42. Kf1 Rxb2 43. f4 Ng4 44. Rd6 Rd2 45. Ke1 Rd4 46. Rd7 Rb4 47. a3 Rb1+ 48. Kd2 Nf6 49. Rd6 Nxd5 50. Rxd5 Rb3 51. Rd7 Rxa3 52. Rxf7 Rxg3 53. Ke2 a5 54. Kf2 Rb3 55. f5 gxf5 56. Rxf5 Ka6 57. Rxh5 a4 58. Ke2 a3 59. Rh1 Rc3 60. Kd2 Rg3 61. Ra1 Ka5 62. Kc2 Ka4 63. Rf1 b5 64. Rf3 Rxf3 0-1


[Site "https://www.chess.com"]

[Event "Titled Tuesday Blitz May 4 2021"]
[White "Minero Pineda, Sergio"]
[Black "Can, Emre"]
[WhiteFideId "6500374"]
[BlackFideId "6302181"]
[WhiteElo "2384"]
[BlackElo "2503"]
[Result "1/2-1/2"]
[Round "03"]
[TimeControl "180+1"]
[Date "2021.05.04"]
[WhiteClock "0:00:10"]
[BlackClock "0:00:06"]

1. d4 g6 2. c4 Bg7 3. Nf3 d6 4. Nc3 Nf6 5. g3 O-O 6. Bg2 Nc6 7. O-O Bf5 8. d5 Na5 9. Nd2 c5 10. e4 Bd7 11. Qc2 a6 12. b3 b5 13. Bb2 Rb8 14. Rab1 Ng4 15. h3 Nh6 16. Nd1 f5 17. Bxg7 Kxg7 18. Qc3+ Kg8 19. e5 dxe5 20. Qxe5 bxc4 21. Qf4 Nf7 22. bxc4 Rxb1 23. Nxb1 Qb8 24. Qc1 Nd6 25. Nd2 Qb4 26. Ne3 Rb8 27. Re1 Qb2 28. Qd1 Qxa2 29. Nef1 Re8 30. h4 Naxc4 31. h5 Nxd2 32. Nxd2 Qa4 33. Qc1 Qd4 34. Nf3 Qf6 35. Qxc5 Kg7 36. Ne5 Bb5 37. Nc6 f4 38. Re6 Qf7 39. hxg6 hxg6 40. Ne5 Qf5 41. Rxg6+ Kh7 42. Re6 fxg3 43. fxg3 Qb1+ 44. Kh2 Kg7 45. Rg6+ Kh7 46. Qd4 Qxg6 47. Nxg6 Kxg6 48. Qg4+ Kf7 49. Qe6+ Kg7 50. Bh3 a5 51. Bg4 a4 52. Bh5 Rh8 53. Qg6+ Kf8 54. Kg2 Bc4 55. Qg5 a3 56. Qf4+ Kg7 57. Qg5+ Kf8 58. Qf4+ Kg7 59. Qg5+ Kf8 1/2-1/2


[Site "https://www.chess.com"]

[Event "Titled Tuesday Blitz May 4 2021"]
[White "Moore, Nicholas"]
[Black "Villegas, Pierre"]
[WhiteFideId "4303709"]
[BlackFideId "654183"]
[WhiteElo "2358"]
[BlackElo "2411"]
[Result "0-1"]
[Round "03"]
[TimeControl "180+1"]
[Date "2021.05.04"]
[WhiteClock "0:00:39"]
[BlackClock "0:00:22"]

1. d4 d5 2. c4 e6 3. Nf3 Nf6 4. g3 dxc4 5. Bg2 Bd7 6. Ne5 Bc6 7. Nxc6 Nxc6 8. e3 Qd7 9. Qa4 Nb4 10. Qxd7+ Kxd7 11. Na3 Nd3+ 12. Ke2 Bxa3 13. bxa3 c6 14. a4 Nd5 15. Bd2 f5 16. Rab1 Rab8 17. f3 b5 18. e4 Nf6 19. Ke3 e5 20. dxe5 Nxe5 21. Bc3 Rhe8 22. Bxe5 Rxe5 23. Rhd1+ Kc7 24. f4 Ree8 25. e5 Ng4+ 26. Kd4 Nf2 27. Rf1 Red8+ 28. Kc3 Nd3 29. Rfd1 a6 30. Bf1 Nf2 31. Rxd8 Rxd8 32. axb5 cxb5 33. a4 Kc6 34. axb5+ axb5 35. Kb4 Nd3+ 36. Bxd3 Rxd3 37. Rb2 Kd5 38. Kxb5 Rb3+ 0-1


[Site "https://www.chess.com"]

[Event "Titled Tuesday Blitz May 4 2021"]
[White "Mortazavi, Ali"]
[Black "Smith, Tom"]
[WhiteFideId "401323"]
[BlackFideId "421820"]
[WhiteElo "2339"]
[BlackElo "2327"]
[Result "1-0"]
[Round "03"]
[TimeControl "180+1"]
[Date "2021.05.04"]
[WhiteClock "0:00:48"]
[BlackClock "0:00:01"]

1. Nf3 d6 2. e4 e5 3. d4 exd4 4. Qxd4 Nc6 5. Bb5 Bd7 6. Bxc6 Bxc6 7. Nc3 Nf6 8. O-O Be7 9. b3 O-O 10. Bb2 Nh5 11. Nd5 Bxd5 12. Qxd5 Bf6 13. Bxf6 Nxf6 14. Qxb7 Re8 15. Rfe1 a5 16. Rad1 Rb8 17. Qc6 Rb6 18. Qa4 Rb4 19. Qxa5 Rbxe4 20. Rxe4 Rxe4 21. Qc3 c5 22. Qxc5 h6 23. Qxd6 Qxd6 24. Rxd6 Re2 25. Rd2 Re8 26. g3 Ne4 27. Re2 f5 28. Nd2 Ra8 29. Nxe4 fxe4 30. a4 Rc8 31. Kf1 Kf7 32. Ke1 Kf6 33. Kd2 Kf5 34. h3 g5 35. c4 Ke5 36. Kc2 Kd4 37. Rd2+ Ke5 38. a5 Ra8 39. b4 h5 40. Rd5+ Ke6 41. Rxg5 1-0


[Site "https://www.chess.com"]